 Dungeon Crawl Stone Soup version 0.26.1-11-gd32895ea62 (webtiles) character file.

Game seed: 10033210858159542828

166 Zeld the Digger (level 5, -2/28 HPs)
             Began as a Gargoyle Earth Elementalist on June 9, 2021.
             Killed by divine providence
             ... invoked by an orc priest
              (12 damage)
             ... on level 3 of the Dungeon.
             The game lasted 00:03:17 (2867 turns).

Zeld the Digger (Gargoyle Earth Elementalist)       Turns: 2867, Time: 00:03:18

Health: -2/28      AC:  7    Str: 11    XL:     5   Next: 47%
Magic:  7/9        EV: 12    Int: 17    God:
Gold:   184        SH:  0    Dex: 10    Spells: 4/10 levels left

rFire    . . .     SeeInvis .   (no weapon)
rCold    . . .     Faith    .   (no shield)
rNeg     + . .     Spirit   .   c - +0 robe
rPois    ∞         Reflect  .   (no helmet)
rElec    +         Harm     .   (no cloak)
rCorr    .         Rampage  .   (no gloves)
Will     .....                  q - +0 pair of boots
Stlth    ++........             (no amulet)
HPRegen  0.09/turn              (no ring)
MPRegen  0.11/turn              (no ring)

@: no status effects
A: negative energy resistance 1, electricity resistance, unbreathing,
petrification resistance, miasma immunity, AC +4
a: no special abilities


You were on level 3 of the Dungeon.
You visited 1 branch of the dungeon, and saw 3 of its levels.

You collected 184 gold pieces.

Inventory:

Missiles
 b - 83 stones (quivered)
Armour
 c - a +0 robe (worn)
 q - a +0 pair of boots (worn)
Jewellery
 m - an uncursed ring of protection from fire {unknown}
Scrolls
 a - 4 scrolls of remove curse {unknown}
 d - a scroll of magic mapping {unknown}
 e - 4 scrolls of identify {unknown}
 f - a scroll of teleportation {unknown}
 j - a scroll of fear {unknown}
 o - a scroll of enchant weapon {unknown}
Potions
 g - a potion of lignification {unknown}
 h - a potion of might {unknown}
 i - a potion of haste {unknown}
 k - a potion of brilliance {unknown}
 l - a potion of heal wounds {unknown}
 n - a potion of flight {unknown}
 p - a potion of curing {unknown}


   Skills:
 + Level 2.5 Dodging
 - Level 2.1 Stealth
 + Level 3.0 Spellcasting
 - Level 0.7 Transmutations
 * Level 5.7 Earth Magic


You had 4 spell levels left.
You knew the following spells:

 Your Spells              Type           Power        Failure   Level
a - Sandblast             Erth           44%          1%          1
b - Passwall              Tmut/Erth      10%          7%          2
c - Stone Arrow           Conj/Erth      24%          16%         3

Your spell library contained the following spells:

 Spells                   Type           Power        Failure   Level
 Petrify                  Tmut/Erth      13%          43%         4
 Lee's Rapid Deconstruct  Erth           11%          43%         5


Dungeon Overview and Level Annotations

Branches:
Dungeon (3/15)

Altars:
Hepliaklqana
Qazlal


Innate Abilities, Weirdness & Mutations

You are resistant to torment.
Your stone body is resilient. (AC +4)
You are immune to poison.
You resist negative energy. (rN+)
You are resistant to electric shocks. (rElec)
You can survive without breathing.
You are immune to petrification.
You are immune to miasma.


Message History

Confirm with . or Enter, or press ? or * to list all spells.
Aiming: Sandblast (safe; 1% risk of failure)
Press: ? - help, Shift-Dir - straight line, f - orc priest
Aim: an orc priest (lightly wounded, 19% to evade)
The blast of sand hits the orc priest!
The orc priest is almost dead.
b - 84 stones The orc priest hits you.
Casting: Sandblast (safe; 1% risk of failure)
Confirm with . or Enter, or press ? or * to list all spells.
Aiming: Sandblast (safe; 1% risk of failure)
Press: ? - help, Shift-Dir - straight line, f/p - orc priest
Aim: an orc priest (almost dead, 19% to evade)
The blast of sand hits the orc priest.
You kill the orc priest!
b - 83 stones Your Spellcasting skill increases to level 3!
The orc priest mumbles some strange prayers to Beogh against you.
Beogh smites you!
You die...

.#.##....☼#........#
.#..#.....#........#
.<....._...........# #
...##.....#........### ###
....#.....#........+># #######..
...####.###........#.# #......♣♣
...# #.# #........#.# #.....♣♣.
........###........#.## #.......♣
................@.....# #......♣♣
....#############o....###.....♣♣♣
###.# #......##...†..♣. .#
######o...#.##........
#....'....#..#.......♣
#.####...###.#.......♣
#........#........†.
#........#.......... #
#........##.........


You could see an orc priest and an orc.

Vanquished Creatures
  An orc priest (D:3)
  8 adders
  An ooze (D:2)
  4 worms
  2 leopard geckos
  2 orcs (D:3)
  2 giant cockroaches (D:3)
  5 goblins
  3 hobgoblins
  4 kobolds
  3 quokkas (D:2)
  9 bats
  3 frilled lizards
  5 rats
52 creatures vanquished.

Notes
Turn   | Place    | Note
-------+----------+-------------------------------------------
     0 | D:1      | Zeld the Gargoyle Earth Elementalist began the quest for
                  | the Orb.
     0 | D:1      | Reached XP level 1. HP: 10/10 MP: 3/3
   219 | D:1      | Reached skill level 4 in Earth Magic
   219 | D:1      | Reached XP level 2. HP: 15/15 MP: 3/5
   225 | D:1      | Learned a level 2 spell: Passwall
   715 | D:2      | Reached XP level 3. HP: 19/19 MP: 1/6
   792 | D:2      | Learned a level 3 spell: Stone Arrow
  1225 | D:2      | Reached XP level 4. HP: 24/24 MP: 2/7
  1424 | D:2      | Found a hazy altar of Hepliaklqana.
  1493 | D:2      | Reached skill level 5 in Earth Magic
  2266 | D:3      | Reached XP level 5. HP: 14/28 MP: 5/9
  2444 | D:3      | Found a stormy altar of Qazlal.
  2755 | D:3      | Found a faded altar of an unknown god.
  2867 | D:3      | Killed from afar by an orc priest

Illustrated notes

Levels and vault maps discovered:
D:1:      minmay_arrival_doors, layout_rooms, hangedman_glass_teeth
D:2:      layout_loops_ring, nzn_hepliaklqana_mist_gate, minmay_diced_spiral
D:3:      layout_basic, chequers_ecumenical_altar_grove, grunt_qazlal_clouds

Skill      XL: |  1  2  3  4  5 |
---------------+----------------+-----
Earth Magic    | 4 5 |  5.7
Dodging        | 2 |  2.5
Spellcasting   | 3 |  3.0
Stealth        | |  2.1
Transmutations | |  0.7

Action                   |  1- 3 |  4- 6 || total
-------------------------+-------+-------++-------
Melee: Unarmed           |    14 |    18 ||    32
 Cast: Sandblast         |    44 |    38 ||    82
       Stone Arrow       |     1 |       ||     1
Armor: Robe              |    16 |     9 ||    25
Dodge: Dodged            |    36 |    12 ||    48
